Map: Romanticide LE

Players

LiquidMaNa (MaNa)

  • Race: Protoss Protoss
  • League: Grandmaster
  • Spawn Location: 11:00

BlyOnFire (Bly) - Winner!

  • Race: Zerg Zerg
  • Spawn Location: 5:00

Event: DreamHack SC2 Masters 2020 Winter

VOD

Have the link to the VOD?

Description

Time

  • Played on: Oct. 24, 2020, 12:16 p.m.
  • Length: 8:25

All games in this series

Show
View Real Time Build Order
Export as new Build Order

LiquidMaNa Protoss 

Build Orders: 1 Gate Expand, Oracle Opening, Zealot Archon 

Get SALT Encoding   

  12  0:00  Probe  
  13  0:12  Probe  
  14  0:20  Pylon  
  14  0:24  Probe  
  15  0:38  Probe (Chrono Boost)  
  16  0:43  Gateway  
  16  0:47  Probe (Chrono Boost)  
  17  0:50  Assimilator  
  17  0:52  Probe (Chrono Boost)  
  19  1:04  Probe  
  19  1:16  Probe  
  20  1:27  Nexus  
  20  1:36  Cybernetics Core  
  20  1:39  Probe  
  21  1:46  Assimilator  
  21  1:51  Probe  
  22  1:55  Pylon  
  22  2:03  Probe  
  23  2:10  Adept (Chrono Boost)  
  23  2:15  Probe  
  26  2:21  Pylon  
  25  2:29  Stargate  
  25  2:32  Probe  
  25  2:36  Adept  
  28  2:39  Probe  
  28  2:42  Warp Gate  
  29  2:46  Probe  
  30  2:52  Probe  
  31  2:58  Probe  
  31  3:04  Probe, Void Ray (Chrono Boost)  
  33  3:11  Probe  
  34  3:17  Probe  
  39  3:23  Probe  
  40  3:29  Gateway, Probe  
  41  3:35  Probe  
  41  3:37  Oracle (Chrono Boost)  
  41  3:41  Probe  
  46  3:47  Probe  
  47  3:53  Probe  
  48  3:59  Probe  
  49  4:05  Probe  
  50  4:11  Probe  
  50  4:12  Nexus  
  50  4:14  Pylon  
  50  4:16  Pylon  
  51  4:17  Probe  
  51  4:23  Probe  
  52  4:29  Probe  
  53  4:32  Adept  
  53  4:33  Adept  
  53  4:35  Probe  
  57  4:41  Probe  
  58  4:48  Probe  
  55  4:53  Probe  
  55  4:54  Adept  
  57  5:00  Probe  
  57  5:05  Probe  
  58  5:11  Robotics Facility  
  58  5:12  Probe  
  59  5:15  Forge  
  59  5:18  Twilight Council, Probe  
  60  5:26  Assimilator  
  60  5:27  Probe (Chrono Boost)  
  60  5:28  Assimilator  
  59  5:29  Probe (Chrono Boost)  
  59  5:30  Probe (Chrono Boost)  
  59  5:32  Zealot  
  63  5:37  Pylon  
  63  5:39  Probe x2 (Chrono Boost)  
  63  5:40  Zealot, Probe (Chrono Boost)  
  68  5:44  Shield Battery, Probe x2 (Chrono Boost)  
  68  5:48  Probe  
  71  5:55  Zealot  
  71  5:56  Probe x2  
  68  6:00  Probe  
  66  6:04  Charge  
  66  6:08  Probe x2  
  66  6:10  Zealot  
  70  6:19  Templar Archives  
  70  6:22  Probe  
  71  6:29  Zealot  
  73  6:33  Immortal (Chrono Boost)  
  74  6:41  Shield Battery  
  74  6:48  Gateway  
  74  6:50  Gateway  
  74  6:52  Photon Cannon  
  74  6:55  Shield Battery  
  74  6:59  High Templar x2  
  78  7:07  Immortal (Chrono Boost)  
  76  7:09  Archon  
  73  7:19  Shield Battery  
  63  7:32  Stalker x2  
  67  7:37  Immortal (Chrono Boost)  
  67  7:45  Zealot x2  
  67  7:49  Probe  
  60  8:02  Stalker x2  
  60  8:05  Probe x3  
  71  8:08  High Templar x2  
  75  8:16  Archon  
Show
View Real Time Build Order
Export as new Build Order

BlyOnFire Zerg - Winner!

Build Orders: Pool First 

Get SALT Encoding   

  12  0:00  Drone  
  13  0:12  Overlord  
  13  0:16  Drone  
  14  0:31  Drone x2  
  16  0:39  Drone  
  17  0:51  Drone  
  17  0:54  Spawning Pool  
  17  1:10  Drone  
  18  1:14  Hatchery  
  17  1:19  Drone x2  
  17  1:20  Extractor  
  18  1:41  Zergling x4  
  18  1:43  Queen  
  22  1:48  Overlord  
  22  2:10  Hatchery  
  21  2:21  Drone x3  
  24  2:25  Metabolic Boost  
  24  2:30  Queen  
  25  2:49  Drone x3  
  28  2:53  Drone x4  
  32  3:01  Zergling x4  
  32  3:03  Zergling x2  
  34  3:14  Overlord  
  34  3:22  Queen  
  34  3:23  Drone x4  
  40  3:31  Drone  
  40  3:34  Drone x2  
  43  3:42  Zergling x2  
  43  3:43  Zergling x2  
  43  3:48  Evolution Chamber  
  44  4:01  Spore Crawler  
  43  4:02  Spore Crawler  
  43  4:05  Spore Crawler, Overlord x2  
  41  4:11  Overlord  
  41  4:13  Drone  
  42  4:30  Drone x10  
  51  4:32  Queen x2  
  55  4:39  Overlord  
  54  4:46  Drone x8  
  58  4:54  Zergling x6  
  61  5:05  Zergling x2  
  61  5:06  Zergling x4  
  62  5:11  Lair  
  62  5:14  Zergling x6  
  65  5:27  Drone  
  65  5:28  Overlord x4  
  66  5:30  Extractor x2  
  66  5:31  Extractor x2  
  66  5:32  Extractor, Overlord  
  60  5:38  Overlord  
  60  5:39  Drone x4  
  60  5:40  Roach Warren  
  63  5:43  Drone x2  
  63  5:44  Drone  
  63  5:47  Hatchery  
  65  5:55  Overlord  
  61  5:58  Drone x2  
  61  5:59  Drone x3  
  61  6:03  Drone x3  
  66  6:06  Drone  
  66  6:07  Drone x2  
  66  6:09  Queen x2  
  66  6:10  Nydus Network  
  72  6:16  Queen, Overlord  
  74  6:26  Glial Reconstitution  
  74  6:32  Roach x7  
  87  6:37  Overlord x2  
  86  6:47  Nydus Canal  
  86  6:50  Zergling x16  
  86  6:52  Queen x2  
  98  6:55  Roach  
  100  7:10  Nydus Canal  
  100  7:13  Roach  
  100  7:14  Roach x4  
  108  7:19  Overlord  
  108  7:21  Overlord  
  107  7:27  Roach x10  
  119  7:39  Roach x3  
  125  7:45  Roach  
  125  7:48  Roach x2  
  125  7:50  Nydus Canal  
  131  7:53  Roach  
  131  7:54  Roach x2  
  131  7:57  Overlord  
  141  8:02  Roach x2  
  141  8:04  Ravager x4  
Tags
 
Add a new tag
Caveats
  • Supply blocks, unpowered buildings, or Contaminate may cause inaccurate times.
  • Supply counts are checked every 10 seconds.